 Dungeon Crawl Stone Soup version 0.23.2-33-g5129a83184 (webtiles) character file.

Game seed: 13148875976167190734

42 Derp the Magician (level 3, -1/24 HPs)
             Began as a Demonspawn Wizard on July 16, 2019.
             Slain by a leopard gecko (3 damage)
             ... on level 1 of the Dungeon.
             The game lasted 00:06:54 (1981 turns).

Derp the Magician (Demonspawn Wizard)               Turns: 1981, Time: 00:06:54

Health: -1/24      AC:  2    Str:  7    XL:     3   Next: 33%
Magic:  3/8        EV: 12    Int: 20    God:
Gold:   104        SH:  0    Dex: 11    Spells: 8/9 levels left

rFire    . . .     SeeInvis .   (no weapon)
rCold    + . .     Gourm    .   (no shield)
rNeg     . . .     Faith    .   a - +0 robe
rPois    .         Spirit   .   b - +0 hat
rElec    .         Reflect  .   (no cloak)
rCorr    .         Harm     .   (no gloves)
MR       .....                  (no boots)
Stlth    ++........             (no amulet)
HPRegen  0.08/turn              (no ring)
MPRegen  0.11/turn              (no ring)

@: no status effects
A: cold resistance 1
a: no special abilities


You were on level 1 of the Dungeon.
You were not hungry.

You visited 1 branch of the dungeon, and saw 2 of its levels.

You collected 104 gold pieces.

Inventory:

Hand Weapons
 k - a +0 blowgun
Armour
 a - a +0 robe (worn)
 b - a +0 hat (worn)
 j - a +0 pair of gloves
Jewellery
 e - a +3 ring of dexterity
Scrolls
 g - a scroll of remove curse {unknown}
 h - 3 scrolls of teleportation {unknown}
 i - 4 scrolls of identify {unknown}
 m - a scroll of enchant armour {unknown}
Potions
 c - 4 potions of curing {unknown}
 f - a potion of mutation {unknown}
 l - a potion of degeneration {unknown}
Comestibles
 d - 3 rations


   Skills:
 + Level 1.8 Dodging
 + Level 2.1 Stealth
 + Level 3.9 Spellcasting
 + Level 1.3 Conjurations
   Level 1.0 Summonings
   Level 0.8 Translocations


You had 8 spell levels left.
You knew the following spells:

 Your Spells              Type           Power        Failure   Level  Hunger
a - Magic Dart            Conj           #...         8%          1    None

Your spell library contained the following spells:

 Spells                   Type           Power        Failure   Level  Hunger
 Call Imp                 Summ           #.......     13%         2    ##.....
 Blink                    Tloc           N/A          14%         2    ##.....
 Slow                     Hex            #.......     21%         2    ##.....
 Conjure Flame            Conj/Fire      #.......     30%         3    ###....
 Mephitic Cloud           Conj/Pois/Air  #.......     32%         3    ###....


Dungeon Overview and Level Annotations

Branches:
Dungeon (2/15)

Altars:


Innate Abilities, Weirdness & Mutations

Your flesh is cold resistant. (rC+)


Message History

Confirm with . or Enter, or press ? or * to list all spells.
Aiming: Magic Dart (safe; 8% risk of failure)
Press: ? - help, Shift-Dir - straight line, f/p - leopard gecko
Aim: a leopard gecko (heavily wounded, clinging)
The magic dart hits the leopard gecko but does no damage.
The leopard gecko is heavily wounded.
The leopard gecko bites you.
* * * LOW HITPOINT WARNING * * *
Casting: Magic Dart (safe; 8% risk of failure)
Confirm with . or Enter, or press ? or * to list all spells.
Aiming: Magic Dart (safe; 8% risk of failure)
Press: ? - help, Shift-Dir - straight line, f/p - leopard gecko
Aim: a leopard gecko (heavily wounded, clinging)
The magic dart hits the leopard gecko.
The leopard gecko is severely wounded.
The leopard gecko misses you. The leopard gecko barely misses you.
The leopard gecko completely misses you.
The leopard gecko bites you but does no damage.
The leopard gecko bites you.
You die...

#.# #.##.#######.# #.#
#.##.........# #.#
#.##########'## ###.# #.# ##...##
#...# ##.## ##.....## #..##
#...## ##.......#
###...##########....####.........
................l......'.........
###....#########@...####.........
##.#.# #.#.## ##.......# ###.#
#.### ##.....## #.# #.# ##...###
#.# ##.## ##'## # #.# #.#.#
##.#### ## #.#
##.##########...... .# #.# #.#
#.........#### .# #.# #.#
#.######...##


You could see a leopard gecko.

Vanquished Creatures
  An adder (D:2)
  2 dart slugs
  A leopard gecko (D:1)
  2 bats
  A giant cockroach (D:2)
  3 goblins (D:1)
  6 hobgoblins
  3 jackals (D:2)
  2 frilled lizards
  2 kobolds (D:1)
  3 rats
26 creatures vanquished.

Notes
Turn   | Place    | Note
-------+----------+-------------------------------------------
     0 | D:1      | Derp the Demonspawn Wizard began the quest for the Orb.
     0 | D:1      | Reached XP level 1. HP: 13/13 MP: 4/4
   470 | D:1      | Gained mutation: Your flesh is cold resistant. (rC+)
                  | [demonic ancestry]
   470 | D:1      | Reached XP level 2. HP: 9/19 MP: 0/6
  1257 | D:2      | Reached XP level 3. HP: 16/24 MP: 0/8
  1966 | D:1      | HP: 1/24 [leopard gecko (4)]
  1981 | D:1      | Slain by a leopard gecko

Skill      XL: |  1  2 |
---------------+-------+-----
Stealth        | 2 |  2.1
Dodging        | |  1.8
Spellcasting   | |  3.9
Conjurations   | |  1.3
Summonings     | |  1.0
Translocations | |  0.8

Action                   || total
-------------------------++-------
Melee: Unarmed           ||     4
 Cast: Magic Dart        ||   115
  Eat: Ration            ||     1
Armor: Robe              ||    14
Dodge: Dodged            ||    48
